[Event "Titled Tuesday Blitz November 07 Late 2023"]
[White "Senft, Sean"]
[Black "Perske, Thore"]
[WhiteFideId "2044960"]
[BlackFideId "12902195"]
[WhiteElo "2312"]
[BlackElo "2626"]
[Result "0-1"]
[Round "1"]
[TimeControl "180+1"]
[Date "2023.11.07"]
[WhiteClock "0:00:16"]
[BlackClock "0:00:16"]
[Board "118"]

1. d4 Nf6 2. c4 g6 3. Nc3 Bg7 4. e4 O-O 5. f4 d6 6. Nf3 c5 7. d5 e6 8. Be2 exd5 9. exd5 Re8 10. O-O a6 11. a4 Bf5 12. Bd3 Bxd3 13. Qxd3 Nbd7 14. f5 Ng4 15. Bg5 Nde5 16. Nxe5 Qxg5 17. Nxg4 Qxg4 18. f6 Bh6 19. Rae1 Qd4+ 20. Qxd4 cxd4 21. Ne4 Be3+ 22. Rxe3 dxe3 23. Nxd6 Re5 24. Nxb7 Rb8 25. Na5 Rxb2 26. Nc6 Re4 27. d6 Rd2 28. c5 Rc4 29. Ne7+ Kh8 30. c6 Rxd6 31. Rb1 Rxf6 32. Nd5 Rfxc6 33. Nxe3 Rc1+ 34. Rxc1 Rxc1+ 35. Kf2 Ra1 36. Nd5 Rxa4 37. Nb6 Ra2+ 0-1


[Site "https://www.chess.com"]

[Event "Titled Tuesday Blitz November 07 Late 2023"]
[White "Aarav Dengla"]
[Black "Andersson, Bjorn 1971"]
[WhiteFideId "45059756"]
[BlackFideId "1702114"]
[WhiteElo "2624"]
[BlackElo "2306"]
[Result "1-0"]
[Round "1"]
[TimeControl "180+1"]
[Date "2023.11.07"]
[WhiteClock "0:00:22"]
[BlackClock "0:00:12"]
[Board "119"]

1. e4 c5 2. Nf3 Nc6 3. d4 cxd4 4. Nxd4 Nf6 5. Nc3 e5 6. Ndb5 d6 7. Bg5 a6 8. Na3 b5 9. Nab1 Be7 10. Bxf6 gxf6 11. Nd5 f5 12. Nd2 f4 13. c3 Be6 14. Be2 Bg5 15. g3 Ne7 16. gxf4 Nxd5 17. fxg5 Nf4 18. Rg1 Nh3 19. Rg3 Nxg5 20. Bf1 h6 21. Qh5 Qf6 22. h4 Nh7 23. a4 bxa4 24. Rxa4 a5 25. Bb5+ Ke7 26. Bc6 Ra6 27. Bd5 Bxd5 28. exd5 Rb8 29. b3 Rc8 30. Ke2 Rxc3 31. Rxc3 Qf4 32. Rxf4 exf4 33. Rc7+ Kf6 34. Qxf7+ Ke5 35. Qe6+ Kd4 36. Qe4# 1-0


[Site "https://www.chess.com"]

[Event "Titled Tuesday Blitz November 07 Late 2023"]
[White "patzersame"]
[Black "Golubev, Mikhail"]
[BlackFideId "14100983"]
[WhiteElo "2305"]
[BlackElo "2623"]
[Result "1-0"]
[Round "1"]
[TimeControl "180+1"]
[Date "2023.11.07"]
[WhiteClock "0:00:20"]
[BlackClock "0:00:00"]
[Board "120"]

1. e4 c5 2. b4 cxb4 3. a3 b3 4. cxb3 d5 5. exd5 Nf6 6. Nf3 Nxd5 7. d4 Nc6 8. Bd3 Bg4 9. Bb2 e6 10. h3 Bh5 11. O-O Bd6 12. Nc3 Bxf3 13. Qxf3 Nxd4 14. Qg4 Nf6 15. Qxg7 Rg8 16. Qh6 Bf8 17. Qe3 Bc5 18. Bb5+ Ke7 19. Rad1 Qb6 20. Na4 Qxb5 21. Nxc5 Ne2+ 22. Kh1 Nd5 23. Qe4 Qxc5 24. Qxe2 Rad8 25. Qh5 Qc2 26. Qh4+ f6 27. Rxd5 Rxd5 28. Qxf6+ Kd6 29. Qf4+ Ke7 30. Bf6+ Kd7 31. Bh4 Qg6 32. Bg3 Qf5 33. Qc7+ Ke8 34. Re1 Rd7 35. Qc8+ Ke7 36. Qxg8 1-0


[Site "https://www.chess.com"]

[Event "Titled Tuesday Blitz November 07 Late 2023"]
[White "Zakaryan, David"]
[Black "Zampronha, Wladimir Camilo"]
[WhiteFideId "24101923"]
[BlackFideId "2103087"]
[WhiteElo "2623"]
[BlackElo "2304"]
[Result "1-0"]
[Round "1"]
[TimeControl "180+1"]
[Date "2023.11.07"]
[WhiteClock "0:00:12"]
[BlackClock "0:00:05"]
[Board "121"]

1. d4 Nf6 2. c4 e6 3. Nf3 b6 4. a3 Bb7 5. Nc3 Ne4 6. Nxe4 Bxe4 7. e3 Be7 8. Nd2 Bb7 9. Bd3 O-O 10. O-O f5 11. b4 c5 12. Qb3 cxd4 13. exd4 Bf6 14. Bb2 Nc6 15. Nf3 Qe8 16. d5 Nd8 17. Rfe1 Bxb2 18. Qxb2 Qg6 19. Ne5 Qf6 20. Qb3 Qe7 21. Rad1 Nf7 22. Nxd7 Qxd7 23. dxe6 Qc6 24. exf7+ Rxf7 25. Bf1 Kh8 26. c5 Rf6 27. Re5 Rg6 28. Qh3 bxc5 29. Rxc5 Qe4 30. Rc4 Qe6 31. Rcd4 Re8 32. g3 Qf6 33. Bg2 Bxg2 34. Qxg2 Rf8 35. Qf3 f4 36. Rxf4 Qe7 37. Rxf8+ 1-0


[Site "https://www.chess.com"]

[Event "Titled Tuesday Blitz November 07 Late 2023"]
[White "Colivet Gamboa, Julio Cesar"]
[Black "Bujisho, Benjamin"]
[WhiteFideId "3949583"]
[BlackFideId "608610"]
[WhiteElo "2303"]
[BlackElo "2622"]
[Result "0-1"]
[Round "1"]
[TimeControl "180+1"]
[Date "2023.11.07"]
[WhiteClock "0:01:39"]
[BlackClock "0:02:23"]
[Board "122"]

1. e4 c5 2. Nf3 d6 3. d4 cxd4 4. Nxd4 Nf6 5. Nc3 g6 6. Be3 Bg7 7. Bc4 O-O 8. h3 Nc6 9. Bb3 Bd7 10. O-O Rc8 11. Qd2 Na5 12. f4 Nc4 13. Bxc4 Rxc4 14. f5 a6 15. Rad1 Qc7 16. Bg5 Nxe4 17. Nxe4 Rxd4 18. Qe2 Rxd1 19. Rxd1 Bxf5 0-1


[Site "https://www.chess.com"]

[Event "Titled Tuesday Blitz November 07 Late 2023"]
[White "reevecanada"]
[Black "ilya2700"]
[WhiteElo "2619"]
[BlackElo "2303"]
[Result "1-0"]
[Round "1"]
[TimeControl "180+1"]
[Date "2023.11.07"]
[WhiteClock "0:01:02"]
[BlackClock "0:00:00"]
[Board "123"]

1. e4 c5 2. Nf3 e6 3. d4 cxd4 4. Nxd4 Nf6 5. Nc3 Nc6 6. Nxc6 bxc6 7. e5 Nd5 8. Ne4 Qc7 9. f4 Qb6 10. Qe2 Be7 11. a3 f5 12. Ng3 a5 13. c4 Ba6 14. Nh5 O-O 15. g4 Qd4 16. g5 g6 17. Nf6+ Bxf6 18. gxf6 Nxf4 19. Qe3 Qxe3+ 20. Bxe3 Nh5 21. O-O-O Rf7 22. Be2 Kf8 23. Bxh5 gxh5 24. Rhg1 Bxc4 25. Bh6+ Ke8 26. Rg8+ 1-0


[Site "https://www.chess.com"]

[Event "Titled Tuesday Blitz November 07 Late 2023"]
[White "Garrido, Denis"]
[Black "2k28Lakers"]
[WhiteFideId "601217"]
[WhiteElo "2300"]
[BlackElo "2615"]
[Result "1-0"]
[Round "1"]
[TimeControl "180+1"]
[Date "2023.11.07"]
[WhiteClock "0:01:21"]
[BlackClock "0:00:00"]
[Board "124"]

1. e4 e5 2. Nf3 Nc6 3. Bb5 a6 4. Ba4 Nf6 5. O-O Be7 6. d3 b5 7. Bb3 d6 8. c3 O-O 9. a4 Bd7 10. Bc2 h6 11. Re1 Re8 12. h3 Bf8 13. Nbd2 b4 14. Nc4 Rb8 15. a5 Qc8 16. d4 exd4 17. cxd4 d5 18. exd5 Nxd5 19. Nce5 Nxe5 20. Nxe5 Bf5 21. Bb3 c6 22. Qf3 Be6 23. Bd2 Bd6 24. Rac1 Bxe5 25. Rxe5 Rb5 26. Qg3 Kh8 27. Rh5 Qc7 28. Qh4 Qe7 29. Bg5 Nf6 30. Rxh6+ gxh6 31. Qxh6+ Kg8 32. Bxf6 Qxf6 33. Qxf6 Bxb3 34. Qxc6 Re6 35. Qc8+ Kg7 36. Rc5 Rxc5 37. dxc5 Bd5 38. Qd7 Bc6 39. Qd4+ Kg8 40. Qxb4 Bb5 41. Qd4 Kf8 42. b4 Kg8 43. g4 Kf8 44. f4 Kg8 45. h4 Kh7 46. h5 Re1+ 47. Kf2 Re2+ 48. Kg3 Re6 49. g5 f6 50. Kg4 Be2+ 51. Kg3 Bb5 52. g6+ Kg7 53. f5 Re5 54. Qf4 Bd7 55. h6+ Kg8 56. Qc4+ Kf8 57. g7+ 1-0


[Site "https://www.chess.com"]

[Event "Titled Tuesday Blitz November 07 Late 2023"]
[White "Seemann, Jakub"]
[Black "Prohorov, Olexandr"]
[WhiteFideId "21874697"]
[BlackFideId "14105578"]
[WhiteElo "2615"]
[BlackElo "2299"]
[Result "1-0"]
[Round "1"]
[TimeControl "180+1"]
[Date "2023.11.07"]
[WhiteClock "0:01:14"]
[BlackClock "0:01:07"]
[Board "125"]

1. Nf3 c5 2. g3 g6 3. Bg2 Bg7 4. O-O Nc6 5. c4 Nf6 6. Nc3 O-O 7. d4 cxd4 8. Nxd4 a6 9. b3 Ng4 10. Nxc6 bxc6 11. Bb2 Qa5 12. Na4 Bxb2 13. Nxb2 Qc3 14. Qc1 Qxc1 15. Raxc1 Rb8 16. Nd3 Bb7 17. Rfd1 d6 18. c5 d5 19. h3 Nf6 20. Ne5 Rfd8 21. e3 Nd7 22. Nd3 e5 23. e4 dxe4 24. Bxe4 f5 25. Bg2 a5 26. Nb2 Ba8 27. Rd6 Kf7 28. Bxc6 Bxc6 29. Rxc6 Rdc8 30. Rxc8 Rxc8 31. Na4 Ke6 32. c6 Nb8 33. c7 Na6 34. Rc6+ 1-0


[Site "https://www.chess.com"]

[Event "Titled Tuesday Blitz November 07 Late 2023"]
[White "Coelho, Ramyres Santana"]
[Black "aghasiyevkamal"]
[WhiteFideId "2120690"]
[WhiteElo "2299"]
[BlackElo "2614"]
[Result "0-1"]
[Round "1"]
[TimeControl "180+1"]
[Date "2023.11.07"]
[WhiteClock "0:00:00"]
[BlackClock "0:00:46"]
[Board "126"]

1. e4 e5 2. Nf3 Nc6 3. d4 exd4 4. Bc4 Bc5 5. c3 Nf6 6. e5 d5 7. Bb5 Ne4 8. O-O O-O 9. cxd4 Bb6 10. Nc3 Bg4 11. Bxc6 bxc6 12. Be3 f6 13. Nxe4 dxe4 14. Qb3+ Kh8 15. Nd2 Be2 16. Rfe1 Bd3 17. e6 Qd5 18. Qxd5 cxd5 19. f4 f5 20. a4 a5 21. Rac1 Rae8 22. Rc6 Rf6 23. Nb3 Rfxe6 24. Rec1 Bc4 25. Rxe6 Rxe6 26. Nc5 Re8 27. Nd7 Kg8 28. Nxb6 cxb6 29. b3 Bxb3 30. Rb1 Bxa4 31. Rxb6 Ra8 32. Bd2 Be8 33. Rd6 a4 34. Rb6 a3 35. Rb1 a2 36. Ra1 Bb5 37. Bc3 Bd3 38. Rc1 Rc8 0-1


[Site "https://www.chess.com"]

[Event "Titled Tuesday Blitz November 07 Late 2023"]
[White "GatoRojo150"]
[Black "Osmonbekov, Talaibek"]
[BlackFideId "2017253"]
[WhiteElo "2612"]
[BlackElo "2298"]
[Result "1-0"]
[Round "1"]
[TimeControl "180+1"]
[Date "2023.11.07"]
[WhiteClock "0:01:22"]
[BlackClock "0:00:00"]
[Board "127"]

1. e4 c5 2. Nf3 d6 3. Nc3 Nf6 4. Bc4 e6 5. d4 cxd4 6. Nxd4 Be7 7. Bb3 O-O 8. Be3 Nc6 9. O-O Qc7 10. f4 a6 11. f5 Nxd4 12. Bxd4 b5 13. a3 Rd8 14. Rf3 e5 15. Be3 Bb7 16. Rg3 Bxe4 17. Nxe4 Nxe4 18. Bxf7+ Kxf7 19. Qd5+ Kf8 20. Qxe4 d5 21. Qg4 Bf6 22. Qh5 Kg8 23. Rh3 h6 24. Bxh6 gxh6 25. Rg3+ Kf8 26. Qxh6+ Bg7 27. Qg5 Rd6 28. Rf1 Rf6 29. c3 Re8 30. Qh5 e4 31. Qg5 e3 32. Rxe3 Rxe3 33. Qxe3 Bh6 34. Qd4 1-0


[Site "https://www.chess.com"]

[Event "Titled Tuesday Blitz November 07 Late 2023"]
[White "Mesa Cruz, Juan Carlos"]
[Black "ArtemDyachuk"]
[WhiteFideId "6423400"]
[WhiteElo "2294"]
[BlackElo "2611"]
[Result "0-1"]
[Round "1"]
[TimeControl "180+1"]
[Date "2023.11.07"]
[WhiteClock "0:00:54"]
[BlackClock "0:01:46"]
[Board "128"]

1. e4 c5 2. Nf3 d6 3. Bb5+ Bd7 4. Bxd7+ Qxd7 5. c4 g6 6. O-O Bg7 7. d4 cxd4 8. Nxd4 Nf6 9. Nc3 O-O 10. f3 Nc6 11. Be3 Rac8 12. b3 Rfd8 13. Qd2 a6 14. Rac1 Nxd4 15. Bxd4 b5 16. Nd5 Nxd5 17. Bxg7 Kxg7 18. cxd5 Rxc1 19. Rxc1 Rc8 20. Kf2 Qa7+ 21. Ke2 Rc5 22. Kd3 f6 23. b4 Rxc1 24. Qxc1 Qf2 25. Qc2 Qf1+ 26. Qe2 Qb1+ 27. Qc2 Qxb4 28. Qc7 Qa3+ 29. Kd4 Kf7 30. Qd7 Qxa2 31. Qe6+ Kf8 32. Qc8+ Kg7 33. Qe8 Qd2# 0-1


[Site "https://www.chess.com"]

[Event "Titled Tuesday Blitz November 07 Late 2023"]
[White "TintinUndercover"]
[Black "Dylag, Emilia"]
[BlackFideId "21805172"]
[WhiteElo "2607"]
[BlackElo "2291"]
[Result "1-0"]
[Round "1"]
[TimeControl "180+1"]
[Date "2023.11.07"]
[WhiteClock "0:00:11"]
[BlackClock "0:00:08"]
[Board "129"]

1. e4 c5 2. c3 e5 3. Bc4 Nf6 4. d3 Nc6 5. Nf3 Be7 6. O-O d5 7. exd5 Nxd5 8. Re1 Qd6 9. Nbd2 O-O 10. Bb3 Be6 11. Nc4 Qc7 12. Nfxe5 Nxe5 13. Nxe5 Rad8 14. d4 b5 15. Qf3 Bf6 16. a4 a6 17. axb5 axb5 18. Qe2 cxd4 19. cxd4 b4 20. Bd2 Qb6 21. Rac1 Rc8 22. Bxd5 Rxc1 23. Rxc1 Bxd5 24. Nd7 Qb7 25. Nxf8 Kxf8 26. Bxb4+ Be7 27. Qxe7+ Qxe7 28. Rc8# 1-0


[Site "https://www.chess.com"]

[Event "Titled Tuesday Blitz November 07 Late 2023"]
[White "De Souza, Cristiano Gomes"]
[Black "Roebers, Eline"]
[WhiteFideId "2151758"]
[BlackFideId "1058401"]
[WhiteElo "2291"]
[BlackElo "2607"]
[Result "0-1"]
[Round "1"]
[TimeControl "180+1"]
[Date "2023.11.07"]
[WhiteClock "0:00:49"]
[BlackClock "0:01:52"]
[Board "130"]

1. d4 f5 2. Nf3 Nf6 3. g3 g6 4. Bg2 Bg7 5. c4 O-O 6. Nc3 d6 7. O-O Qe8 8. d5 Na6 9. Rb1 Bd7 10. b4 c6 11. Nd4 Rc8 12. dxc6 bxc6 13. b5 cxb5 14. Ncxb5 Rxc4 15. Nxa7 Ne4 16. Be3 Nc3 17. Qb3 Qf7 18. Rbc1 Nc5 19. Rxc3 Nxb3 20. Rxb3 Bxd4 21. Bxd4 Rxd4 22. Nc6 Bxc6 23. Bxc6 Rd2 24. e4 Rxa2 25. Rf3 Rc2 26. Bd5 e6 27. Bb3 Rb2 28. exf5 gxf5 29. Re1 d5 30. Bd1 e5 31. Ra3 e4 32. Ra6 f4 33. Bg4 fxg3 34. Be6 gxf2+ 35. Kf1 fxe1=Q+ 36. Kxe1 Rxh2 37. Bxf7+ Rxf7 0-1


[Site "https://www.chess.com"]

[Event "Titled Tuesday Blitz November 07 Late 2023"]
[White "Fiorito, Francisco"]
[Black "Minina, Veronika"]
[WhiteFideId "180165"]
[BlackFideId "4174780"]
[WhiteElo "2603"]
[BlackElo "2287"]
[Result "1-0"]
[Round "1"]
[TimeControl "180+1"]
[Date "2023.11.07"]
[WhiteClock "0:01:03"]
[BlackClock "0:00:00"]
[Board "131"]

1. Nf3 Nf6 2. g3 g6 3. b3 Bg7 4. Bb2 O-O 5. Bg2 d5 6. c4 c5 7. cxd5 Qxd5 8. O-O Qd6 9. Na3 Nc6 10. Rc1 a6 11. Nc4 Qd8 12. Nce5 Nxe5 13. Bxe5 Bd7 14. Rxc5 Bc6 15. Rc1 Qd5 16. d3 Rad8 17. Qc2 Bh6 18. Rcd1 Rc8 19. Qc4 Qd7 20. Qh4 Bg7 21. Rc1 h6 22. Rc4 Rfd8 23. Rfc1 b5 24. Rc5 Nd5 25. Bxg7 Kxg7 26. Ne5 g5 27. Qd4 1-0


[Site "https://www.chess.com"]

[Event "Titled Tuesday Blitz November 07 Late 2023"]
[White "Boder, Jan"]
[Black "Principe, Gerson"]
[WhiteFideId "16243226"]
[BlackFideId "3804550"]
[WhiteElo "2287"]
[BlackElo "2602"]
[Result "0-1"]
[Round "1"]
[TimeControl "180+1"]
[Date "2023.11.07"]
[WhiteClock "0:00:00"]
[BlackClock "0:01:24"]
[Board "132"]

1. c4 e6 2. g3 d5 3. Bg2 Nf6 4. Nf3 Be7 5. O-O O-O 6. d4 c6 7. Nc3 b6 8. b3 Ba6 9. Nd2 Nbd7 10. Bb2 Rc8 11. e4 b5 12. e5 Ne8 13. a4 bxc4 14. bxc4 Nb6 15. c5 Bxf1 16. Bxf1 Nd7 17. f4 f6 18. Bd3 f5 19. Ne2 Nc7 20. Bc3 Rb8 21. Nb3 Ne8 22. Na5 Qc8 23. Nc1 Bd8 24. Qe2 Bxa5 25. Bxa5 Nc7 26. Ra3 Rb7 27. Rb3 Rxb3 28. Nxb3 Qb7 29. Nd2 Rb8 30. Bc3 Nf8 31. Kg2 Ne8 32. h4 g6 33. h5 Qf7 34. Nf3 gxh5 35. Ng5 Qg6 36. Qc2 h6 37. Nf3 Ng7 38. Nh4 Qf7 39. Be2 Ng6 40. Nf3 h4 41. Nxh4 Nxh4+ 42. gxh4 Qg6+ 43. Kh3 h5 44. Ba5 Kh7 45. Bc3 Rg8 46. Qd1 Ne8 0-1


[Site "https://www.chess.com"]

[Event "Titled Tuesday Blitz November 07 Late 2023"]
[White "Nasir, Zehn"]
[Black "Belanoff, Ted"]
[WhiteFideId "2613239"]
[BlackFideId "2070588"]
[WhiteElo "2602"]
[BlackElo "2285"]
[Result "1-0"]
[Round "1"]
[TimeControl "180+1"]
[Date "2023.11.07"]
[WhiteClock "0:00:22"]
[BlackClock "0:00:30"]
[Board "133"]

1. d4 b5 2. Bf4 d6 3. e3 a6 4. c4 bxc4 5. Bxc4 Nd7 6. Qf3 Nb6 7. Bb3 d5 8. Nc3 e6 9. Nge2 Bd6 10. O-O Nf6 11. Rac1 Bxf4 12. Nxf4 O-O 13. Nd3 a5 14. a3 Ba6 15. Rfd1 Nc4 16. Bxc4 Bxc4 17. Ne5 Bb3 18. Re1 Ra6 19. Nb5 c6 20. Nc3 Nd7 21. Nxd7 Qxd7 22. Qe2 Bc4 23. Qd2 Rb8 24. Na4 Ra7 25. Nc5 Qe7 26. b3 Bxb3 27. Nxb3 Rxb3 28. Rxc6 g6 29. a4 Qb4 30. Qc1 Qxa4 31. h4 Kg7 32. h5 Rb1 33. Qxb1 Qxc6 34. Qb8 Qc7 35. h6+ Kxh6 36. Qf8+ Kg5 37. Qg7 f5 38. f4+ Kh5 39. Qf6 Qe7 40. Qe5 a4 41. Kf2 g5 42. Rh1+ Kg6 43. fxg5 a3 44. Rh6+ Kxg5 45. Qf4# 1-0


[Site "https://www.chess.com"]

[Event "Titled Tuesday Blitz November 07 Late 2023"]
[White "Awoki, Daniel Teidi"]
[Black "Sivakumar, Shaaketh"]
[WhiteFideId "2100827"]
[BlackFideId "30940176"]
[WhiteElo "2284"]
[BlackElo "2598"]
[Result "0-1"]
[Round "1"]
[TimeControl "180+1"]
[Date "2023.11.07"]
[WhiteClock "0:00:00"]
[BlackClock "0:00:19"]
[Board "134"]

1. e4 e6 2. d4 d5 3. Nd2 c5 4. exd5 exd5 5. Ngf3 Nc6 6. Bb5 Qe7+ 7. Qe2 Qxe2+ 8. Kxe2 a6 9. Bxc6+ bxc6 10. Re1 f6 11. Kf1+ Kf7 12. dxc5 Bxc5 13. Nb3 Bd6 14. Be3 a5 15. Nc5 Ne7 16. Nd3 Ba6 17. Rad1 c5 18. Kg1 d4 19. Bf4 Bxf4 20. Nxf4 Rhd8 21. b3 Rac8 22. Re6 Bb7 23. Rde1 Rd7 24. Nd2 Rcc7 25. Nc4 Nd5 26. Nd3 a4 27. Na5 axb3 28. axb3 Bc8 29. Nc4 Kg6 30. Nb6 Nxb6 31. Rxb6 c4 32. Ne5+ Kf5 33. Nxd7 Bxd7 34. bxc4 Rxc4 35. Rb2 Ba4 36. Re2 d3 37. Re1 dxc2 38. Rc1 Rd4 0-1


[Site "https://www.chess.com"]

[Event "Titled Tuesday Blitz November 07 Late 2023"]
[White "Ozates, Tuna"]
[Black "Dodaro, Mattia"]
[WhiteFideId "6354521"]
[BlackFideId "28583400"]
[WhiteElo "2596"]
[BlackElo "2269"]
[Result "1-0"]
[Round "1"]
[TimeControl "180+1"]
[Date "2023.11.07"]
[WhiteClock "0:00:26"]
[BlackClock "0:00:09"]
[Board "135"]

1. e4 Nc6 2. Nf3 d6 3. d4 g6 4. d5 Nb8 5. c4 Bg7 6. Nc3 Nf6 7. Bd3 O-O 8. O-O Bg4 9. h3 Bxf3 10. Qxf3 Nbd7 11. Qe2 a5 12. f4 Nc5 13. Bc2 Nfd7 14. Be3 b6 15. Rad1 e5 16. f5 f6 17. fxg6 hxg6 18. Qg4 g5 19. Ne2 Qe8 20. Ng3 Qg6 21. Nf5 Kf7 22. b3 Rh8 23. a3 Qh5 24. Qg3 Kg6 25. Rde1 Rab8 26. b4 axb4 27. axb4 Na6 28. Bd2 b5 29. Ra1 Qe2 30. Rf2 Qxc4 31. Bb3 Qxe4 32. Rxa6 Ra8 33. Rxa8 Rxa8 34. Qc3 Ra3 35. Bc2 Rxc3 36. Bxe4 Rb3 37. Nd4+ f5 38. Bxf5+ 1-0


[Site "https://www.chess.com"]

[Event "Titled Tuesday Blitz November 07 Late 2023"]
[White "Ruge, Edison"]
[Black "Kashefi, Amir Hosein"]
[WhiteFideId "4401000"]
[BlackFideId "12557935"]
[WhiteElo "2269"]
[BlackElo "2595"]
[Result "1-0"]
[Round "1"]
[TimeControl "180+1"]
[Date "2023.11.07"]
[WhiteClock "0:01:58"]
[BlackClock "0:01:34"]
[Board "136"]

1. e4 c6 2. d3 d5 3. Nd2 dxe4 4. dxe4 g6 5. Ngf3 Bg7 6. g3 Nf6 7. Bg2 O-O 8. O-O Bg4 9. Qe2 Qc7 10. a3 e5 11. h3 Bxf3 12. Nxf3 Nbd7 13. Bg5 h6 14. Bd2 Rad8 15. Bc3 Rfe8 16. Rad1 Nh7 17. Rd2 Nb6 18. Rfd1 Rxd2 19. Qxd2 Nf8 20. Qd6 Qxd6 21. Rxd6 Na4 22. Rd3 1-0


[Site "https://www.chess.com"]

[Event "Titled Tuesday Blitz November 07 Late 2023"]
[White "Sturt, Raven"]
[Black "Cooper, Aaron"]
[WhiteFideId "2007304"]
[BlackFideId "2634945"]
[WhiteElo "2593"]
[BlackElo "2259"]
[Result "1-0"]
[Round "1"]
[TimeControl "180+1"]
[Date "2023.11.07"]
[WhiteClock "0:00:11"]
[BlackClock "0:00:03"]
[Board "137"]

1. f4 d5 2. Nf3 Nf6 3. e3 g6 4. b3 Bg7 5. Bb2 c5 6. Bb5+ Bd7 7. Qe2 a6 8. Bxd7+ Nbxd7 9. O-O O-O 10. d3 Rc8 11. Nbd2 b5 12. e4 d4 13. a4 Qb6 14. Kh1 Ng4 15. a5 Qb8 16. Nxd4 cxd4 17. Qxg4 Rxc2 18. Qxd7 Rxb2 19. Rad1 Qd8 20. Qa7 Qxa5 21. Nf3 Qb4 22. Qxa6 Rxb3 23. e5 e6 24. Ng5 h6 25. Ne4 Qe7 26. Nd6 Rb8 27. Rf2 Bf8 28. Ne4 Bg7 29. Rc2 Kh7 30. Nd6 g5 31. Qc6 gxf4 32. Qe4+ Kh8 33. Qxf4 f5 34. Rdc1 Rf8 35. h4 Rxd3 36. Rc7 Qd8 37. R1c6 Kg8 38. Kh2 Rd1 39. Qg3 d3 40. Qxg7# 1-0


[Site "https://www.chess.com"]

[Event "Titled Tuesday Blitz November 07 Late 2023"]
[White "Gertler, David"]
[Black "Shapiro, Viktor"]
[WhiteFideId "2017377"]
[BlackFideId "4175700"]
[WhiteElo "2259"]
[BlackElo "2592"]
[Result "0-1"]
[Round "1"]
[TimeControl "180+1"]
[Date "2023.11.07"]
[WhiteClock "0:01:01"]
[BlackClock "0:01:33"]
[Board "138"]

1. e4 Nf6 2. Nc3 d5 3. e5 Nfd7 4. e6 fxe6 5. d4 g6 6. Nf3 Bg7 7. h4 c5 8. h5 Nc6 9. dxc5 d4 10. Ne4 Nxc5 11. Nxc5 Qa5+ 12. Bd2 Qxc5 13. hxg6 hxg6 14. Rxh8+ Bxh8 15. Bd3 Ne5 16. Qe2 Nxd3+ 17. cxd3 Bd7 18. Rc1 Qd5 19. Nh4 Kf7 20. Rc7 Bf6 21. Qg4 Rg8 22. Nf3 Bc6 23. Ng5+ Bxg5 24. Bxg5 Re8 25. Qh4 Qe5+ 26. Kf1 Rh8 0-1


[Site "https://www.chess.com"]

[Event "Titled Tuesday Blitz November 07 Late 2023"]
[White "Sargsyan, Anna M."]
[Black "Broca Jimenez, Fernando"]
[WhiteFideId "13308130"]
[BlackFideId "5104742"]
[WhiteElo "2591"]
[BlackElo "2252"]
[Result "1-0"]
[Round "1"]
[TimeControl "180+1"]
[Date "2023.11.07"]
[WhiteClock "0:00:16"]
[BlackClock "0:00:00"]
[Board "139"]

1. d4 Nf6 2. c4 e6 3. Nf3 b6 4. g3 Bb7 5. Bg2 Be7 6. O-O O-O 7. d5 exd5 8. Nh4 c6 9. cxd5 Nxd5 10. Nf5 d6 11. Bxd5 cxd5 12. Nc3 Bf6 13. Nxd5 Nc6 14. Bf4 Be5 15. Qd2 Re8 16. Rad1 Nd4 17. Nxd4 Bxd5 18. Nf5 Bxa2 19. Nxd6 Bxd6 20. Bxd6 Bb3 21. Rc1 Re6 22. Qc3 Qxd6 23. Qxb3 Rxe2 24. Qc4 Qe7 25. b4 Re8 26. b5 Qf6 27. Qc7 R2e7 28. Qc2 h6 29. Qa4 Rd8 30. Rc6 Qf3 31. Qc2 Re2 32. Qc4 g6 33. Rxg6+ Kh7 34. Rc6 Rd7 35. Qh4 Re6 36. Rxe6 fxe6 37. Re1 Rd1 38. Qe7+ Kh8 39. Qxe6 Rxe1+ 40. Qxe1 1-0


[Site "https://www.chess.com"]

[Event "Titled Tuesday Blitz November 07 Late 2023"]
[White "Quirke, Jeffrey"]
[Black "Pinheiro, Iung Alicio de O."]
[WhiteFideId "2013029"]
[BlackFideId "2104350"]
[WhiteElo "2250"]
[BlackElo "2591"]
[Result "0-1"]
[Round "1"]
[TimeControl "180+1"]
[Date "2023.11.07"]
[WhiteClock "0:00:44"]
[BlackClock "0:00:24"]
[Board "140"]

1. e4 c5 2. c3 Nf6 3. e5 Nd5 4. Nf3 Nc6 5. Bc4 Nb6 6. Bb3 d5 7. exd6 Qxd6 8. O-O c4 9. Bc2 Bg4 10. Re1 Qf6 11. Na3 O-O-O 12. Qe2 Bxf3 13. gxf3 e5 14. Be4 Bxa3 15. bxa3 Nd5 16. d3 Nxc3 17. Qc2 Nxe4 18. dxe4 Qxf3 19. Be3 Rd6 20. Kf1 Rd3 21. Qxc4 Rxe3 22. Rxe3 Qh1+ 23. Ke2 Qxa1 24. Qxf7 Nd4+ 25. Kd3 Qd1+ 26. Kc4 Qa4+ 27. Kd5 Qb5+ 28. Kd6 Rd8+ 0-1


[Site "https://www.chess.com"]

[Event "Titled Tuesday Blitz November 07 Late 2023"]
[White "Jaskolka, Tomasz"]
[Black "le-castor-faineant"]
[WhiteFideId "1170791"]
[WhiteElo "2591"]
[BlackElo "2245"]
[Result "0-1"]
[Round "1"]
[TimeControl "180+1"]
[Date "2023.11.07"]
[WhiteClock "0:00:14"]
[BlackClock "0:00:14"]
[Board "141"]

1. e4 e5 2. Nf3 Nf6 3. Nxe5 d6 4. Nf3 Nxe4 5. c4 c6 6. d3 Nf6 7. d4 d5 8. Nc3 Be7 9. Be2 O-O 10. O-O Bg4 11. b3 Nbd7 12. Bb2 dxc4 13. bxc4 Re8 14. h3 Bh5 15. Re1 Bb4 16. Qb3 Ba5 17. Rad1 Rb8 18. Ne5 Bxe2 19. Rxe2 Bxc3 20. Bxc3 Qc7 21. Rde1 Nxe5 22. Rxe5 Rxe5 23. Rxe5 Nd7 24. Re3 h6 25. Qc2 Nf6 26. Qe2 Qd7 27. Re7 Qf5 28. Qe5 Qxe5 29. Rxe5 Re8 30. f4 Rxe5 31. fxe5 Ne4 32. Bb4 f6 33. e6 c5 34. dxc5 Ng5 35. e7 Kf7 36. Kf2 Ne4+ 37. Ke3 Ng3 38. Kf3 Nf5 39. a4 Nxe7 40. Ke4 Ke6 41. Bc3 g6 42. g4 f5+ 43. gxf5+ gxf5+ 44. Kf4 Ng6+ 45. Kf3 Ne5+ 46. Kg3 Nxc4 47. Kh4 Ne5 48. Kh5 Nf7 49. Kg6 f4 50. a5 a6 51. Bd4 f3 52. h4 Ne5+ 53. Kxh6 f2 54. Bxf2 Ng4+ 55. Kg6 Nxf2 56. h5 Ng4 57. Kg5 Nf6 58. Kg6 Nxh5 59. Kxh5 Kd5 60. Kg4 Kxc5 61. Kf3 Kb5 62. Ke2 Kxa5 63. Kd3 Kb4 64. Kc2 Ka3 65. Kb1 Kb3 66. Ka1 b5 67. Kb1 b4 68. Ka1 Kc2 69. Ka2 b3+ 70. Ka3 b2 71. Kb4 b1=Q+ 72. Ka4 Qb5+ 73. Ka3 Qb3# 0-1


[Site "https://www.chess.com"]

[Event "Titled Tuesday Blitz November 07 Late 2023"]
[White "Bullen, Alex"]
[Black "Atanasov, Anthony"]
[WhiteFideId "1801627"]
[BlackFideId "2623897"]
[WhiteElo "2219"]
[BlackElo "2590"]
[Result "0-1"]
[Round "1"]
[TimeControl "180+1"]
[Date "2023.11.07"]
[WhiteClock "0:00:14"]
[BlackClock "0:01:53"]
[Board "142"]

1. d4 d5 2. Nf3 Bf5 3. c4 e6 4. Nc3 Nf6 5. Nh4 Be4 6. f3 Bg6 7. Nxg6 hxg6 8. e4 dxe4 9. fxe4 Bb4 10. Bg5 c5 11. d5 Qa5 12. Bxf6 gxf6 13. Qf3 Nd7 14. Rc1 Qxa2 15. Bd3 Qxb2 16. O-O Bxc3 17. Rb1 Bd4+ 18. Kh1 Qd2 19. Rxb7 Ne5 20. Re7+ Kxe7 21. Qxf6+ Kd6 0-1


[Site "https://www.chess.com"]